 Dungeon Crawl Stone Soup version 0.28-a0-938-gbc3f381ebc (webtiles) character file.

Game seed: 12909289690895776880

2 GenialerGandalf the Magician (level 1, 0/11 HPs)
             Began as an Octopode Hedge Wizard on Nov 28, 2021.
             Slain by an endoplasm (1 damage)
             ... on level 1 of the Dungeon.
             The game lasted 00:00:09 (21 turns).

GenialerGandalf the Magician (Octopode Hedge Wizard)  Turns: 21, Time: 00:00:09

Health: 0/11       AC:  1    Str:  9    XL:     1   Next: 40%
Magic:  4/4        EV: 13    Int: 16    God:
Gold:   0          SH:  0    Dex: 11    Spells: 5/6 levels left

rFire   . . .      SeeInvis .   a - +0 dagger
rCold   . . .      Faith    .   (no shield)
rNeg    . . .      Spirit   .   b - +0 hat
rPois   .          Reflect  .   (no amulet)
rElec   .          Harm     .   (no ring)
rCorr   .          Rampage  .   (no ring)
Will    .....                   (no ring)
Stlth   +++.......              (no ring)
HPRegen 0.03/turn               (no ring)
MPRegen 0.09/turn               (no ring)
                                (no ring)
                                (no ring)

@: no status effects
A: almost no armour, amphibious, 8 rings, camouflage 1, gelatinous body 1,
(nimble swimmer 1), tentacles
a: no special abilities


You were on level 1 of the Dungeon.
You visited 1 branch of the dungeon, and saw 1 of its levels.

Inventory:

Hand Weapons
 a - a +0 dagger (weapon)
Armour
 b - a +0 hat (worn)


   Skills:
 + Level 2.1 Dodging
 + Level 2.6 Stealth
 + Level 3.0 Spellcasting
 + Level 1.0 Conjurations
 + Level 1.0 Summonings
 + Level 1.0 Translocations


You had 5 spell levels left.
You knew the following spells:

 Your Spells              Type           Power      Damage    Failure   Level
a - Magic Dart            Conj           20%        1d4       12%         1

Your spell library contained the following spells:

 Spells                   Type           Power      Damage    Failure   Level
 Slow                     Hex            8%         N/A       19%         1
 Blink                    Tloc           10%        N/A       19%         2
 Call Imp                 Summ           5%         N/A       19%         2
 Conjure Flame            Conj/Fire      4%         6-21      41%         3
 Mephitic Cloud           Conj/Pois/Air  3%         N/A       43%         3


Dungeon Overview and Level Annotations

Branches:
Dungeon (1/15)

Altars:


Innate Abilities, Weirdness & Mutations

You cannot wear most types of armour.
You are amphibious.
You can wear up to eight rings at the same time.
Your skin changes colour to match your surroundings (Stealth+).
Your rubbery body absorbs attacks. (AC +1, EV +1)
((You are camouflaged near water. (Stealth+)))
You have tentacles for arms and can constrict up to eight enemies at once.


Message History

You constrict the giant cockroach.
The giant cockroach bites you but does no damage.
The jackal bites you.
You hit the giant cockroach.
The giant cockroach is heavily wounded.
You constrict the giant cockroach, but do no damage.
The jackal barely misses you. The giant cockroach bites you.
You hit the giant cockroach.
You squeeze the giant cockroach, but do no damage.
The giant cockroach is severely wounded.
You constrict the giant cockroach. The jackal bites you.
* * * LOW HITPOINT WARNING * * *
The giant cockroach barely misses you. The jackal misses you.
The giant cockroach barely misses you.
You hit the giant cockroach but do no damage.
You squeeze the giant cockroach.
You kill the giant cockroach!
The jackal barely misses you. x2
You closely miss the jackal. Your grab misses the jackal.
The jackal bites you but does no damage.
The jackal misses you. The jackal completely misses you.
You hit the jackal. You grab the jackal. Your squeeze misses the jackal.
The jackal is moderately wounded.
You constrict the jackal, but do no damage.
The jackal closely misses you. The jackal misses you.
The jackal barely misses you.
You hit the jackal.
The jackal is heavily wounded.
You constrict the jackal. The jackal barely misses you.
The jackal closely misses you.
You hit the jackal.
You kill the jackal!
The jackal closely misses you.
The rat twitches its whiskers.
The jackal bites you.
* * * LOW HITPOINT WARNING * * *
You hit the endoplasm.
The endoplasm is moderately wounded.
The endoplasm hits you.
You die...

###+#######+###
#..⌠...>...⌠..#
#......<......#
+⌠....###....⌠+
#.....h@......#
#######J#######


.rhJrJ.J.. ....hrJBB...J #.....r.......# ############### You could see 5
endoplasms, 3 jackals, 2 giant cockroaches and 4 rats.

Vanquished Creatures
  A giant cockroach (D:1)
  A jackal (D:1)
2 creatures vanquished.

Notes
Turn   | Place    | Note
-------+----------+-------------------------------------------
     0 | D:1      | GenialerGandalf the Octopode Hedge Wizard began the quest
                  | for the Orb.
     0 | D:1      | Reached XP level 1. HP: 11/11 MP: 4/4
     1 | D:1      | Found a runed translucent door.
    21 | D:1      | Slain by an endoplasm

Illustrated notes

Levels and vault maps discovered:
D:1:      dpeg_arrival_caged_fury, layout_basic,
          corexii_item_surrounded_by_moat, amethyst_killhole

Action                   || total
-------------------------++-------
Melee: Dagger            ||    11
       Constrict         ||     2
       Tentacles         ||     2
Armor: Skin              ||     2
Dodge: Dodged            ||    18

Table legend: (Time is in decaauts)
 A = Elapsed time spent in this place.
 B = Non-inter-level travel time spent in this place.
 C = Inter-level travel time spent in this place.
 D = Time resting spent in this place.
 E = Time spent auto-exploring this place.
 F = Levels seen in this place.
 G = Mean time per level.
                   A        B        C        D        E       F      G
               +--------+--------+--------+--------+--------+-----+--------+
         Total |     21 |     21 |      0 |      0 |      0 |   1 |   21.0 |
       Dungeon |     21 |     21 |      0 |      0 |      0 |   1 |   21.0 |
               +--------+--------+--------+--------+--------+-----+--------+

Top non-repeatable levels by time:
     D:1: 21 daAuts
